 Dungeon Crawl Stone Soup version 0.32-a0-460-gc8eefc90e7 (webtiles) character file.

Game seed: 17100450451021752303

81 GordonOverkill the Sneak (level 4, -1/24 HPs)
             Began as a Spriggan Delver on Feb 24, 2024.
             Succumbed to an adder's poison
             ... on level 5 of the Dungeon.
             The game lasted 00:02:28 (555 turns).

GordonOverkill the Sneak (Spriggan Delver)           Turns: 555, Time: 00:02:28

Health: -1/24      AC:  2    Str:  8    XL:     4   Next: 20%
Magic:  7/7        EV: 17    Int: 13    God:
Gold:   25         SH:  0    Dex: 16    Spells: 5/5 levels left

rFire   . . .        m - +2 spear (pain)
rCold   . . .        (no shield)
rNeg    . . .        b - +0 robe
rPois   .            (helmet restricted)
rElec   .            (no cloak)
rCorr   .            (gloves unavailable)
SInv    +            (boots unavailable)
Will    .....        (no amulet)
Stlth   ++++         (no ring)
HPRegen 0.24/turn    (no ring)
MPRegen 0.10/turn

%: no passive effects
@: lethally poisoned (-1 -> -6), attractive, very quick
A: very small, no large weapons, unfitting armour, see invisible, speed 3
a: no special abilities


You were on level 5 of the Dungeon.
You visited 1 branch of the dungeon, and saw 2 of its levels.

You collected 25 gold pieces.

Inventory:

Hand Weapons
 a - a +0 short sword
 j - a +1 sling of flaming
 m - a +2 spear of pain (weapon)
Armour
 b - a +0 robe (worn)
Wands
 g - a wand of digging (3)
Scrolls
 c - a scroll of fog
 d - a scroll of revelation
 e - a scroll of fear
 h - 2 scrolls of vulnerability {unknown}
 i - 2 scrolls of amnesia {unknown}
Potions
 f - a potion of haste
 l - a potion of curing {unknown}
 n - a potion of enlightenment {unknown}


   Skills:
 - Level 3.0 Fighting
 - Level 2.1 Short Blades
 - Level 3.0 Ranged Weapons
 - Level 2.6 Dodging
 - Level 7.2 Stealth
 + Level 1.4 Spellcasting


You had 5 spell levels left.
You didn't know any spells.
Your spell library was empty.

Dungeon Overview and Level Annotations

Branches:
Dungeon (6/15)
 Temple: D:4-7

Altars:


Innate Abilities, Weirdness & Mutations

You are very small and have problems with some larger weapons.
You are too small for most types of armour.
You have supernaturally acute eyesight. (SInv)
You cover ground extremely quickly. (Speed+++)


Message History

The adder closely misses you.
Your +1 sling of flaming stops flaming.
You have a feeling of ineptitude.
m - a +2 spear of pain (weapon)
You feel sick. The adder barely misses you.
You barely miss the adder.
The adder is heavily wounded.
You feel sick. The adder bites you but does no damage.
You miss the adder.
The adder is heavily wounded.
You feel sick. The adder misses you. The adder closely misses you.
You miss the adder.
The adder is heavily wounded.
You feel sick. The adder barely misses you.
You closely miss the adder.
The adder is heavily wounded.
You feel sick. The adder barely misses you.
You hit the adder.
The adder is heavily wounded.
You feel sick. The adder bites you.
* * * LOW HITPOINT WARNING * * *
The adder bites you but does no damage.
You barely miss the adder.
The adder is heavily wounded.
You feel sick.
You are no longer poisoned.
The adder closely misses you.
You barely miss the adder.
The adder is heavily wounded.
The adder bites you.
* * * LOW HITPOINT WARNING * * *
The adder closely misses you.
You hit the adder.
The adder is severely wounded.
The adder bites you.
* * * LOW HITPOINT WARNING * * *
You are lethally poisoned!
The adder poisons you!
It was a potion of attraction.
You feel attractive to monsters.
You die...

.## #.## .# ##.##
## ##.<.###### ##
##..#......##
.#####...#.......##
s...#.............#
###...###.........#
#....##
#.........##
.....##
#.......@..#
).....#
#.......S..#
......#
##.........#
......# #.........#
......# #.........#
......# #..........
......#
##..........
......#
#...........
......#


You could see an adder.

Vanquished Creatures
  A bombardier beetle (D:5)
  4 gnolls (D:5)
  4 orcs (D:5)
9 creatures vanquished.

Notes
Turn   | Place    | Note
-------+----------+-------------------------------------------
     0 | D:5      | GordonOverkill the Spriggan Delver began the quest for the
                  | Orb.
     0 | D:5      | Reached XP level 1. HP: 11/11 MP: 2/2
   115 | D:6      | Noticed a water moccasin
   192 | D:5      | Reached skill level 1 in Ranged Weapons
   192 | D:5      | Reached XP level 2. HP: 16/16 MP: 3/3
   203 | D:5      | Reached XP level 3. HP: 19/19 MP: 4/4
   221 | D:5      | Reached skill level 1 in Spellcasting
   221 | D:5      | Reached XP level 4. HP: 10/24 MP: 4/6
   414 | D:5      | Noticed a scorpion
   554 | D:5      | HP: 1/24 [adder (4)]
   555 | D:5      | Succumbed to an adder's poison

Illustrated notes

Levels and vault maps discovered:
D:5:      layout_cave_pods, serial_library_hellmonk_hallway_b,
          minmay_misc_feat_doors
D:6:      layout_cave_pods, grunt_temple_overflow_cloverleaf

Skill      XL: |  1  2  3 |
---------------+----------+-----
Ranged Weapons | 1 2 3 |  3.0
Fighting       | 3 |  3.0
Spellcasting   | 1 |  1.4
Short Blades   | |  2.1
Dodging        | |  2.6
Stealth        | |  7.2

Action                     |  1- 3 |  4- 6 || total
---------------------------+-------+-------++-------
  Melee: Spear             |       |     8 ||     8
   Fire: Sling             |    22 |    38 ||    60
    Use: Potion            |       |     1 ||     1
 Armour: Robe              |       |    11 ||    11
  Dodge: Dodged            |     1 |    14 ||    15

Table legend: (Time is in decaauts)
 A = Elapsed time spent in this place.
 B = Non-inter-level travel time spent in this place.
 C = Inter-level travel time spent in this place.
 D = Time resting spent in this place.
 E = Time spent auto-exploring this place.
 F = Levels seen in this place.
 G = Mean time per level.
                   A        B        C        D        E       F      G
               +--------+--------+--------+--------+--------+-----+--------+
         Total |    416 |    416 |      0 |     77 |    116 |   2 |  208.0 |
       Dungeon |    416 |    416 |      0 |     77 |    116 |   2 |  208.0 |
               +--------+--------+--------+--------+--------+-----+--------+

Top non-repeatable levels by time:
     D:5: 352 daAuts
     D:6: 64 daAuts
